 Dungeon Crawl Stone Soup version 0.19-a0-450-g98b348d (webtiles) character file.

280 Geppetto the Insei (level 6, 0/57 HPs)
             Began as an Octopode Transmuter on June 1, 2016.
             Succumbed to a scorpion's poison
             ... on level 4 of the Dungeon.
             The game lasted 00:18:09 (4316 turns).

Geppetto the Insei (Octopode Transmuter)            Turns: 4316, Time: 00:18:10

Health: 0/57       AC: 23    Str:  9    XL:     6   Next: 27%
Magic:  8/9        EV:  2    Int: 16    God:
Gold:   285        SH:  0    Dex: 14    Spells: 3 memorised, 3 levels left

rFire  + . .     SeeInvis .       - Unarmed
rCold  . . .     Gourm    .     (no shield)
rNeg   + + +     Faith    .     (helmet currently unavailable)
rPois  +         Spirit   .     (no amulet)
rElec  .         Dismiss  .     h - ring of protection from fire
rCorr  .         Reflect  .     (no ring)
SustAt .         Harm     .     (no ring)
MR     .....     NoTele   +     (no ring)
Stlth  +++.......               (no ring)
                                (no ring)
                                (no ring)
                                (no ring)

@: lethally poisoned (0 -> -5), exhausted, tree-form, slowed, very slow, not
resistant to hostile enchantments, fairly stealthy
A: almost no armour, (amphibious), 8 rings, (constrict 8), (camouflage 0),
(gelatinous body 0)
a: no special abilities


You were on level 4 of the Dungeon.
You were not hungry.
You were a tree.
You visited 1 branch of the dungeon, and saw 4 of its levels.

You collected 285 gold pieces.

Inventory:

Missiles
 a - 7 arrows
Jewellery
 h - a ring of protection from fire (left branch)
Scrolls
 g - 2 scrolls of magic mapping
 i - 3 scrolls of teleportation
 k - 2 scrolls of identify
 m - 3 scrolls of remove curse
 p - a scroll of enchant weapon
 r - a scroll of fog
 s - a scroll of fear {unknown}
Potions
 u - a potion of agility
 v - a potion of cure mutation
Books
 b - a book of Changes

   Spells                             Type                      Level
   a - Beastly Appendage              Transmutation                1
   b - Sticks to Snakes               Transmutation                2
   c - Spider Form                    Transmutation/Poison         3
   d - Ice Form                       Ice/Transmutation            4
   e - Blade Hands                    Transmutation                5
 d - a book of the Dragon

   Spells                             Type                      Level
   a - Flame Tongue                   Conjuration/Fire             1
   b - Cause Fear                     Hexes                        4
   c - Bolt of Fire                   Conjuration/Fire             6
   d - Dragon Form                    Transmutation                7
   e - Dragon's Call                  Summoning                    9
 o - a book of Conjurations

   Spells                             Type                      Level
   a - Magic Dart                     Conjuration                  1
   b - Searing Ray                    Conjuration                  2
   c - Dazzling Spray                 Conjuration/Hexes            3
   d - Fulminant Prism                Conjuration/Hexes            4
   e - Iskenderun's Mystic Blast      Conjuration                  4
   f - Iskenderun's Battlesphere      Conjuration/Charms           5
 q - a book of Frost

   Spells                             Type                      Level
   a - Freeze                         Ice                          1
   b - Throw Frost                    Conjuration/Ice              2
   c - Ozocubu's Armour               Charms/Ice                   3
   d - Throw Icicle                   Conjuration/Ice              4
   e - Summon Ice Beast               Ice/Summoning                4
Comestibles
 c - 4 bread rations
 j - 2 meat rations
 n - a slice of pizza
 t - 2 chunks of flesh


   Skills:
 * Level 1.6 Fighting
 - Level 2.0 Dodging
 * Level 2.7 Stealth
 - Level 5.0 Unarmed Combat
 - Level 2.0 Spellcasting
 - Level 4.2 Transmutations


You had 3 spell levels left.
You knew the following spells:

 Your Spells              Type           Power        Failure   Level  Hunger
a - Beastly Appendage     Tmut           ###...       4%          1    #......
b - Sticks to Snakes      Tmut           ###.....     8%          2    ###....
c - Spider Form           Tmut/Pois      #.........   28%         3    ###....


Dungeon Overview and Level Annotations

Branches:
Dungeon (4/15)
 Temple: D:4-7

Altars:
Ashenzari
Hepliaklqana
Vehumet


Innate Abilities, Weirdness & Mutations

You cannot wear most types of armour.
((You are amphibious.))
You can wear up to eight rings at the same time.
((You can use your tentacles to constrict eight enemies at once.))
((Your skin changes colour to match your surroundings (Stealth+).))
((Your rubbery body absorbs attacks. (AC +1)))


Message History

You are exhausted.
You feel yourself slow down.
* * * LOW HITPOINT WARNING * * *
You feel sick.
* * * LOW HITPOINT WARNING * * *
You feel sick.
* * * LOW HITPOINT WARNING * * *
You feel sick.
Okay, then.
As you read the scroll labeled XEGRARAUDI, it crumbles to dust.
It is a scroll of enchant weapon.
You aren't carrying any weapons that can be enchanted.
* * * LOW HITPOINT WARNING * * *
You feel sick.
As you read the scroll labeled ANKAYM TUGOAM, it crumbles to dust.
It is a scroll of recharging.
You aren't carrying any rechargeable items.
* * * LOW HITPOINT WARNING * * *
You feel sick.
You die...

#.# #..# #............# #.# #..#
#............# #.# #..#
#.........%..# #..#
#......<..[..# ###..# ####
#............# #....# #..
+............# #.#.##
#.########............#
#.#.#####.#....S..............#
#.#...........♣†#.............#
##.#######.#######.#+###########
..... #... ..# #.......... #...#
# ##### #### #.#########
##...#.# #.#....>... .....
#.#.####### ####.#######
#.#.##### ....<......+ #.#.....#
####.####### #.#####.###


You could see a friendly adder.

Vanquished Creatures
  A scorpion (D:4)
  An orc wizard (D:3)
  Natasha (twice) (D:3)
  A hound skeleton (D:4)
  3 adders
  An ooze (D:3)
  2 worms (D:2)
  A dart slug (D:1)
  5 orcs (D:3)
  2 ball pythons
  3 giant cockroaches
  7 goblins
  5 hobgoblins
  11 jackals
  2 quokkas
  7 bats
  2 giant newts (D:1)
  3 kobolds (D:1)
  4 rats
63 creatures vanquished.

Vanquished Creatures (collateral kills)
  Natasha (D:3)
  A worker ant (D:4)
  A howler monkey skeleton (D:3)
  A jackal (D:3)
4 creatures vanquished.

Grand Total: 67 creatures vanquished

Notes
Turn   | Place    | Note
--------------------------------------------------------------
     0 | D:1      | Geppetto the Octopode Transmuter began the quest for the Orb.
     0 | D:1      | Reached XP level 1. HP: 13/13 MP: 3/3
   203 | D:1      | Reached XP level 2. HP: 8/18 MP: 5/5
   803 | D:1      | Reached XP level 3. HP: 14/23 MP: 3/6
  1322 | D:2      | Learned a level 2 spell: Sticks to Snakes
  1326 | D:2      | Learned a level 3 spell: Spider Form
  1439 | D:2      | Reached skill level 4 in Unarmed Combat
  1604 | D:2      | Found a radiant altar of Vehumet.
  1857 | D:2      | Reached XP level 4. HP: 18/28 MP: 5/7
  2039 | D:3      | Found a shattered altar of Ashenzari.
  2047 | D:3      | Noticed Natasha
  2058 | D:3      | Killed Natasha
  2061 | D:3      | Noticed Natasha
  2072 | D:3      | Killed Natasha
  2240 | D:3      | Reached XP level 5. HP: 27/33 MP: 1/8
  2385 | D:3      | Found a faded altar of an unknown god.
  2503 | D:3      | Noticed Natasha
  2513 | D:3      | Killed Natasha
  3502 | D:3      | Found a hazy altar of Hepliaklqana.
  3732 | D:4      | Reached skill level 1 in Stealth
  4211 | D:4      | Reached skill level 5 in Unarmed Combat
  4297 | D:4      | Reached XP level 6. HP: 24/38 MP: 9/9
  4314 | D:4      | HP: 2/57 [poisoned by a scorpion]
  4316 | D:4      | Succumbed to a scorpion's poison

Vault maps used:
D:1:      lemuel_arrival_room, corexii_corridor_pit, minmay_strange_pillars
D:2:      vehumet_crystals
D:3:      lemuel_round_altar, ecumenical_altar_2, cheibrodos_ashenzari_chains,
          uniq_natasha
D:4:      first_bread

Skill      XL: |  1  2  3  4  5 |
---------------+----------------+-----
Unarmed Combat | 4 5 |  5.0
Transmutations | 3 4 |  4.2
Stealth        | 2 |  2.7
Fighting       | |  1.6
Dodging        | |  2.0
Spellcasting   | |  2.0

Action                   |  1- 3 |  4- 6 || total
-------------------------+-------+-------++-------
Melee: Unarmed           |    89 |    81 ||   170
       Constrict         |    30 |    21 ||    51
       Kick              |    15 |    19 ||    34
       Tentacles         |    10 |    14 ||    24
       Punch             |     3 |       ||     3
 Cast: Beastly Appendage |    20 |    17 ||    37
       Sticks to Snakes  |       |    16 ||    16
  Use: Scroll            |     7 |     8 ||    15
       Potion            |       |     4 ||     4
 Stab: Sleeping          |     7 |     2 ||     9
       Distracted        |       |     1 ||     1
  Eat: Chunk             |     4 |     6 ||    10
       Bread ration      |       |     1 ||     1
Armor: Skin              |     9 |     5 ||    14
Dodge: Dodged            |    42 |    55 ||    97
